 Seeded DCSS version 0.29-a0-344-ge2f44be95a (webtiles) character file.

Game seed: 1450950038153131384 (custom seed)

852 zeratav the Firebug (level 8, -10/46 HPs)
             Began as an Octopode Fire Elementalist on Apr 21, 2022.
             Mangled by an orc warrior
             ... wielding a +0 long sword
              (13 damage)
             ... on level 7 of the Dungeon.
             The game lasted 00:09:07 (5152 turns).

zeratav the Firebug (Octopode Fire Elementalist)    Turns: 5152, Time: 00:09:08

Health: -10/46     AC:  1    Str:  7    XL:     8   Next: 1%
Magic:  11/11      EV: 13    Int: 14    God:
Gold:   155        SH:  0    Dex: 19    Spells: 5/11 levels left

rFire   . . .      SeeInvis .   m - +10 hunting sling of Nunluomy {venom, *Slow rPois rC+++ Int-5, sling}
rCold   + + +      Faith    .   (no shield)
rNeg    . . .      Spirit   .   (helmet restricted)
rPois   +          Reflect  .   (no amulet)
rElec   .          Harm     .   k - +6 ring of dexterity
rCorr   .          Rampage  .   p - ring of protection from cold
Will    .....                   (no ring)
Stlth   +++.......              (no ring)
HPRegen 0.15/turn               (no ring)
MPRegen 0.12/turn               (no ring)
                                (no ring)
                                (no ring)

@: no status effects
A: almost no armour, amphibious, 8 rings, camouflage 1, gelatinous body 1,
(nimble swimmer 1), tentacles
a: no special abilities


You were on level 7 of the Dungeon.
You visited 1 branch of the dungeon, and saw 6 of its levels.

You collected 155 gold pieces.


Innate Abilities, Weirdness & Mutations

You cannot wear most types of armour.
You are amphibious.
You can wear up to eight rings at the same time.
Your skin changes colour to match your surroundings (Stealth+).
Your rubbery body absorbs attacks. (AC +1, EV +1)
((You are camouflaged when in or above water. (Stealth+)))
You have tentacles for arms and can constrict up to eight enemies at once.


   Skills:
 - Level 2.0 Dodging
 - Level 2.6 Stealth
 - Level 2.0 Spellcasting
 + Level 5.1 Conjurations
 + Level 7.6 Fire Magic


You had 5 spell levels left.
You knew the following spells:

 Your Spells              Type           Power      Damage    Failure   Level
a - Foxfire               Conj/Fire      76%        2x1d7     1%          1
b - Scorch                Fire           44%        2d7       1%          2
c - Conjure Flame         Conj/Fire      19%        6-21      4%          3

Your spell library contained the following spells:

 Spells                   Type           Power      Damage    Failure   Level
 Inner Flame              Hex/Fire       12%        N/A       14%         3
 Flame Wave               Conj/Fire      19%        2d6       17%         4
 Summon Small Mammal      Summ           4%         N/A       24%         1
 Dazzling Flash           Conj/Hex       16%        N/A       24%         3
 Corpse Rot               Necr/Air       2%         N/A       34%         2
 Poisonous Vapours        Pois/Air       2%         N/A       34%         2
 Fireball                 Conj/Fire      9%         3d6       43%         5
 Portal Projectile        Hex/Tloc       2%         N/A       56%         3
 Swiftness                Air            1%         N/A       56%         3
 Agony                    Necr           1%         N/A       100%        5
 Blade Hands              Tmut           0%         N/A       100%        5
 Excruciating Wounds      Necr           0%         N/A       100%        5
 Silence                  Hex/Air        0%         N/A       100%        5
 Starburst                Conj/Fire      9%         6d5       95%         6
 Ignition                 Fire           11%        3d5       100%        8
 Chain Lightning          Conj/Air       4%         3d5       100%        9

Inventory:

Hand Weapons
 m - the +10 hunting sling of Nunluomy (weapon) {venom, *Slow rPois rC+++ Int-5, sling}
   (You found it on level 4 of the Dungeon)

   Any ammunition fired from it poisons the flesh of those it strikes.
   Int:       It affects your intelligence (-5).
   rC:        It renders you almost immune to cold.
   rPois:     It protects you from poison.
   *Slow:     It may slow you when you take damage.
 v - a +2 falchion of freezing {long}
   (You took it off an orc on level 3 of the Dungeon)
Armour
 u - a +0 buckler
   (You found it on level 3 of the Dungeon)
Jewellery
 k - a +6 ring of dexterity (left tentacle)
   (You found it on level 1 of the Dungeon)
 p - a ring of protection from cold (right tentacle)
   (You found it on level 2 of the Dungeon)
Scrolls
 c - 4 scrolls of teleportation {unknown}
 d - 3 scrolls of enchant armour {unknown}
 e - 5 scrolls of identify {unknown}
 j - a scroll of amnesia {unknown}
 q - 2 scrolls of fog {unknown}
 r - 2 scrolls of silence {unknown}
 w - 2 scrolls of fear {unknown}
 x - a scroll of immolation {unknown}
 y - a scroll of magic mapping {unknown}
 z - a scroll of holy word {unknown}
Potions
 a - a potion of magic
 b - a potion of invisibility {unknown}
 f - 4 potions of haste {unknown}
 g - 2 potions of berserk rage {unknown}
 h - 2 potions of degeneration {unknown}
 i - a potion of flight {unknown}
 l - a potion of attraction {unknown}
 n - a potion of might {unknown}
 o - 2 potions of cancellation {unknown}
 s - 2 potions of heal wounds {unknown}
 t - 5 potions of curing {unknown}

Dungeon Overview and Level Annotations

Branches:
Dungeon (5/15)
 Temple: D:4-7

Altars:

Shops:
D:4

* ########
#......#
#.####.####
.o......#
#.##..
.######.#
#.##.# #.#
#.##.# #.#
#.##@# ..#
#.##o# #.#
#>..#)..{.#
#.#
####.####.#
.# .# .. ##


You could see an orc warrior.


Message History

Done exploring.
(D) Dungeon
Where to? (Enter - D:3 @ (x,y), ? - help)
There is a stone staircase leading down here.
You climb downwards.
There is a stone staircase leading up here.
You open the door.
A hound comes into view.
You shoot a sling bullet. The sling bullet hits the hound!
The hound is poisoned.
You kill the hound!
An iguana comes into view.
There is an open door here.
You shoot a sling bullet.
The sling bullet closely misses the iguana.
The iguana hisses angrily.
You shoot a sling bullet. The sling bullet hits the iguana.
The iguana is poisoned.
You shoot a sling bullet. The sling bullet hits the iguana.
The iguana looks as sick as possible!
You shoot a sling bullet.
The sling bullet barely misses the iguana.
You kill the iguana!
There is an open door here.
An iguana comes into view.
You shoot a sling bullet. The sling bullet hits the iguana!
The iguana is poisoned.
You shoot a sling bullet. The sling bullet hits the iguana.
The iguana looks as sick as possible!
You kill the iguana!
Your Conjurations skill increases to level 5!
An adder comes into view.
You shoot a sling bullet. The sling bullet hits the adder!
Found a stone staircase leading up.
The adder closely misses you.
You shoot a sling bullet.
The sling bullet barely misses the adder.
The adder misses you. The adder barely misses you.
You shoot a sling bullet. The sling bullet hits the adder.
You kill the adder!
e - 5 scrolls labelled EHUQ WEGHET (gained 1)
A hound comes into view.
You shoot a sling bullet. The hound barks!
The sling bullet hits the hound.
The hound is poisoned.
You shoot a sling bullet. The sling bullet hits the hound!
You kill the hound!
You have reached level 8!
HP[+5] MP[+1]
You now have 46 max hp (+5).
Your hp is fully restored (46).
Your mp is fully restored (11).
You hear a distant slurping noise.
Okay, then.
Okay, then.
You open the door.
There is an open door here.
You open the door.
There is a shaft here.
You fall into a shaft and drop 2 floors!
The shaft crumbles and collapses.
An orc wizard comes into view. It is wielding a +0 dagger.
Found a stone staircase leading down.
An orc warrior and an orc come into view.
The orc shouts!
You hear a shout!
You shoot a sling bullet. The sling bullet hits the orc!
You kill the orc!
You shoot a sling bullet.
The sling bullet closely misses the orc warrior.
An orc wizard comes into view. It is wielding a +0 dagger.
The orc warrior misses you.
You shoot a sling bullet. The sling bullet hits the orc warrior!
The orc warrior hits you with a +0 long sword!!
The orc wizard gestures wildly while chanting.
The orc wizard flickers and vanishes!
Deactivating autopickup; reactivate with Ctrl-A.
HP[-18]
You take 18 damage, and now have 28/46 hp.
MASSIVE DAMAGE!! (PAUSE)
The orc warrior attacks as you move away!
The orc warrior barely misses you.
You are too injured to fight recklessly!
You are too injured to fight recklessly!
Fire: m) +10 hunting sling of Nunluomy {venom, *Slow rPois rC+++ Int-5, sling}
Press: ? - help, Q - select action, (/) - cycle Shift-Dir - straight line, f/p - orc warrior
Aim: an orc warrior, wielding a +0 long sword and wearing a +0 chain mail (heavily wounded, 66% to hit)
You shoot a sling bullet.
The sling bullet barely misses the orc warrior.
The orc warrior hits you with a +0 long sword!
* * * LOW HITPOINT WARNING * * *
The orc warrior hits you with a +0 long sword!
* * * LOW HITPOINT WARNING * * *
HP[-25]
You take 25 damage, and now have 3/46 hp.
MASSIVE DAMAGE!! (PAUSE) Fire: m) +10 hunting sling of Nunluomy {venom, *Slow rPois rC+++ Int-5, sling}
Press: ? - help, Q - select action, (/) - cycle Shift-Dir - straight line, f/p - orc warrior
Aim: an orc warrior, wielding a +0 long sword and wearing a +0 chain mail (heavily wounded, 66% to hit)
You shoot a sling bullet.
The sling bullet closely misses the orc warrior.
The orc warrior hits you with a +0 long sword!
You die...

Skill      XL: |  1  2  3  4  5  6  7 |
---------------+----------------------+-----
Fire Magic     | 4 5 6 7 |  7.6
Conjurations   | 2 3 5 |  5.1
Dodging        | |  2.0
Stealth        | |  2.6
Spellcasting   | |  2.0

Action                   |  1- 3 |  4- 6 |  7- 9 || total
-------------------------+-------+-------+-------++-------
Melee: Unarmed           |     4 |       |       ||     4
       Constrict         |     4 |     7 |       ||    11
       Tentacles         |     2 |     4 |       ||     6
       Dagger            |     8 |    23 |       ||    31
       Falchion          |       |     3 |       ||     3
 Fire: Hunting sling     |       |    28 |    35 ||    63
 Cast: Foxfire           |    10 |     1 |     1 ||    12
       Scorch            |    27 |    54 |     1 ||    82
 Stab: Distracted        |     1 |       |       ||     1
Armor: Skin              |       |     1 |       ||     1
Dodge: Dodged            |     5 |    24 |     6 ||    35

Levels and vault maps discovered:
D:1:      minmay_arrival_three_doors, layout_loops_corners
D:2:      cheibrodos_helix_gallery, layout_basic,
          nicolae_ecumenical_lake_church, kennysheep_nub
D:3:      layout_loops_corners, grunt_ministairs_9, minmay_misc_feat_rows,
          kennysheep_generic_room_9
D:4:      layout_cave_pools, serial_shops, shop_statue, uniq_duvessa
D:5:      layout_gridville, okawaru_trees_2, guppyfry_shop_venom
D:7:      layout_loops_ring

Notes
Turn   | Place    | Note
-------+----------+-------------------------------------------
     0 | D:1      | zeratav the Octopode Fire Elementalist began the quest for
                  | the Orb.
     0 | D:1      | Reached XP level 1. HP: 11/11 MP: 3/3
     0 | D:1      | magus.rc [v1.9.6]
   187 | D:1      | Reached XP level 2. HP: 10/17 MP: 1/5
   326 | D:1      | Learned a level 2 spell: Scorch
   602 | D:1      | You pick up a book of Fire and begin reading...
   602 | D:1      | You add the spells Fireball, Starburst and Ignition to your
                  | library.
   893 | D:1      | Reached skill level 4 in Fire Magic
  1037 | D:1      | Reached XP level 3. HP: 21/21 MP: 1/6
  1347 | D:1      | You pick up a book of Weapons and begin reading...
  1347 | D:1      | You add the spells Portal Projectile, Excruciating Wounds
                  | and Blade Hands to your library.
  1719 | D:2      | Reached XP level 4. HP: 27/27 MP: 4/7
  1889 | D:2      | Reached skill level 5 in Fire Magic
  1976 | D:2      | Found a faded altar of an unknown god.
  2298 | D:2      | Reached XP level 5. HP: 31/31 MP: 5/8
  2475 | D:2      | Learned a level 3 spell: Conjure Flame
  2790 | D:3      | You pick up a book of the Senses and begin reading...
  2790 | D:3      | You add the spells Dazzling Flash, Agony and Silence to
                  | your library.
  3333 | D:3      | Reached skill level 2 in Conjurations
  3492 | D:3      | Reached skill level 6 in Fire Magic
  3492 | D:3      | Reached XP level 6. HP: 23/36 MP: 4/9
  4019 | D:4      | You add the spells Summon Small Mammal, Corpse Rot,
                  | Poisonous Vapours, Swiftness and Chain Lightning to your
                  | library.
  4019 | D:4      | Got the Guide on the Floating Entourage
  4027 | D:4      | Found Ricliss's General Store.
  4031 | D:4      | Noticed Duvessa
  4043 | D:4      | Noticed Dowan
  4124 | D:4      | Identified the +10 hunting sling of Nunluomy {venom, *Slow
                  | rPois rC+++ Int-5}
  4206 | D:4      | Reached skill level 3 in Conjurations
  4374 | D:4      | Reached XP level 7. HP: 41/41 MP: 10/10
  4391 | D:4      | Killed Duvessa
  4392 | D:4      | Reached skill level 4 in Conjurations
  4443 | D:4      | Killed Dowan
  4444 | D:4      | Reached skill level 7 in Fire Magic
  4450 | D:4      | HP: 6/41 [orc priest/divine providence (15)]
  5072 | D:5      | Entered Level 5 of the Dungeon
  5090 | D:5      | Reached skill level 5 in Conjurations
  5115 | D:5      | Reached XP level 8. HP: 46/46 MP: 11/11
  5132 | D:5      | You fall into a shaft and drop 2 floors!
  5151 | D:7      | HP: 3/46 [orc warrior/+0 long sword (10)]
  5152 | D:7      | Mangled by an orc warrior

Vanquished Creatures
  Duvessa (D:4)
  A black bear (D:4)
  An ogre (D:4)
  Dowan (D:4)
  3 hounds
  2 orc priests
  3 iguanas
  16 adders
  4 gnolls
  A white imp (D:4)
  2 worms
  2 dart slugs
  11 orcs
  9 bats
  7 endoplasms
  5 giant cockroaches
  2 goblins
  4 hobgoblins
  8 jackals
  10 kobolds
  9 ball pythons
  5 frilled lizards
  3 rats
110 creatures vanquished.

Vanquished Creatures (others)
  19 foxfires
19 creatures vanquished.

Grand Total: 129 creatures vanquished

Table legend:
 A = Non-vault XP
 B = Vault XP
 C = Vault XP percentage of total XP
 D = Non-vault monster count
 E = Vault monster count
 F = Vault count percentage of total count
                 A         B        C        D         E       F
            +---------+---------+-------+---------+---------+-------
      Total |     984 |     234 |  19.2 |     104 |       6 |   5.5
            +---------+---------+-------+---------+---------+-------
        D:1 |      41 |       0 |   0.0 |      23 |       0 |   0.0
        D:2 |     111 |      15 |  11.9 |      25 |       2 |   7.4
        D:3 |     170 |       3 |   1.7 |      28 |       2 |   6.7
        D:4 |     489 |     216 |  30.6 |      22 |       2 |   8.3
        D:5 |     170 |       0 |   0.0 |       5 |       0 |   0.0
        D:7 |       3 |       0 |   0.0 |       1 |       0 |   0.0
            +---------+---------+-------+---------+---------+-------

Illustrated notes

Table legend:
 A = Kills in this place as a percentage of kills in entire the game.
 B = Kills by you in this place as a percentage of kills by you in the entire game.
 C = Kills by friends in this place as a percentage of kills by friends in the entire game.
 D = Other kills in this place as a percentage of other kills in the entire game.
 E = Experience gained in this place as a percentage of experience gained in the entire game.
 F = Experience gained in this place divided by the number of levels of this place that you have seen.
                   A       B       C       D       E      F
               +-------+-------+-------+-------+-------+----------------------
         Total | 100.0 | 100.0 |   N/A |   N/A | 100.0 | 203.0
       Dungeon | 100.0 | 100.0 |   N/A |   N/A | 100.0 | 203.0
               +-------+-------+-------+-------+-------+----------------------

Table legend: (Time is in decaauts)
 A = Elapsed time spent in this place.
 B = Non-inter-level travel time spent in this place.
 C = Inter-level travel time spent in this place.
 D = Time resting spent in this place.
 E = Time spent auto-exploring this place.
 F = Levels seen in this place.
 G = Mean time per level.
                   A        B        C        D        E       F      G
               +--------+--------+--------+--------+--------+-----+--------+
         Total |   5180 |   5075 |    105 |    657 |   3625 |   6 |  863.3 |
       Dungeon |   5180 |   5075 |    105 |    657 |   3625 |   6 |  863.3 |
               +--------+--------+--------+--------+--------+-----+--------+

Top non-repeatable levels by time:
     D:3: 1536 daAuts
     D:1: 1380 daAuts
     D:2: 1098 daAuts
     D:4: 1077 daAuts
     D:5: 65 daAuts
     D:7: 21 daAuts
